AoeStats
← βolacha

Arabia

510601683Analyzed
2v2 RM · 1d ago on Oct 1, 2026· 53m 13s· 4 players
Game mode
Random Map
Map size
Medium (4 player)
Population
200
Speed
Normal
Resources
Standard
Victory
Conquest
Starting age
Dark Age
Ending age
Imperial Age
RankedLock teamsTeams togetherTeam positionsShared explorationLock speedFull tech treeHidden civsTurbo modeCheats
Victory
Defeat
🇹🇷 Poles · Türkiye
1176
+12
🇹🇷 Britons · Türkiye
1059
+17
🇧🇷 Vikings · Brazil
1107
-15
🇧🇷 Franks · Brazil
1073
-14
TheCaesar
9:49 Feudal Age
10:58 Double-Bit Axe
13:48 Fletching
15:24 Padded Archer Armor
22:03 Castle Age
21:05 Gold Mining
21:06 Stone Mining
22:41 Loom
23:32 Wheelbarrow
22:20 Crossbowman
22:59 Bodkin Arrow
25:12 Ballistics
32:36 Leather Archer Armor
37:36 Imperial Age
39:36 Chemistry
38:39 Bracer
38:01 Arbalester
40:11 Ring Archer Armor
41:45 Hand Cart
Malicious
6:43 Loom
10:05 Feudal Age
12:42 Double-Bit Axe
15:32 Bloodlines
16:33 Forging
25:20 Castle Age
26:20 Light Cavalry
27:01 Husbandry
27:19 Bow Saw
26:52 Pikeman
27:32 Squires
28:29 Iron Casting
28:28 Scale Barding Armor
30:30 Chain Barding Armor
30:33 Scale Mail Armor
32:09 Horse Collar
32:47 Chain Mail Armor
32:43 Bow Saw
34:43 Szlachta Privileges
34:32 Fletching
37:06 Gold Mining
37:56 Town Watch
38:49 Wheelbarrow
42:44 Imperial Age
43:12 Heavy Plow
43:49 Lechitic Legacy
43:52 Conscription
44:34 Blast Furnace
43:50 Winged Hussar
46:07 Plate Mail Armor
45:33 Bodkin Arrow
46:17 Crop Rotation
47:37 Elite Obuch
47:46 Cavalier
49:18 Bracer
50:18 Hand Cart
49:48 Town Watch
Viniciussgg
6:22 Loom
9:27 Feudal Age
10:19 Double-Bit Axe
21:09 Castle Age
20:08 Horse Collar
20:59 Padded Archer Armor
20:50 Fletching
22:10 Gold Mining
24:28 Bow Saw
24:38 Elite Skirmisher
25:54 Stone Mining
27:43 Gold Shaft Mining
27:17 Heavy Plow
29:14 Ballistics
34:58 Leather Archer Armor
34:55 Forging
34:50 Scale Barding Armor
40:51 Imperial Age
50:14 Ring Archer Armor
50:34 Bodkin Arrow
51:31 Bracer
βolacha
9:09 Loom
10:54 Feudal Age
17:11 Castle Age
15:23 Double-Bit Axe
20:13 Forging
22:21 Bow Saw
22:53 Scale Barding Armor
23:18 Husbandry
23:13 Gold Mining
26:17 Stone Mining
28:06 Gold Shaft Mining
33:50 Iron Casting
37:17 Chain Barding Armor
43:41 Imperial Age
44:08 Cavalier
49:39 Plate Barding Armor
Connection lost

Rejoining the realm…

Still unreachable

The connection could not be restored.

Session expired

The server has moved on; the page needs a fresh start.